Map: [ESL] Data-C

Players

PtitDrogo - Winner!

  • Race: Protoss Protoss
  • Spawn Location: 9:00

ForJumy

  • Race: Protoss Protoss
  • Spawn Location: 3:00

Event: DreamHack SC2 Masters 2022 Valencia

VOD

Have the link to the VOD?

Description

Time

  • Played on: July 1, 2022, 11:14 a.m.
  • Length: 6:04

All games in this series

Show
View Real Time Build Order
Export as new Build Order

PtitDrogo Protoss - Winner!

Build Orders: Oracle Opening 

Get SALT Encoding   

  12  0:01  Probe  
  13  0:13  Probe  
  14  0:20  Pylon  
  14  0:25  Probe  
  15  0:38  Probe (Chrono Boost)  
  15  0:40  Gateway  
  16  0:47  Probe (Chrono Boost)  
  16  0:49  Assimilator  
  17  0:52  Probe (Chrono Boost)  
  18  0:57  Assimilator  
  18  1:04  Probe (Chrono Boost)  
  18  1:09  Pylon  
  19  1:14  Probe (Chrono Boost)  
  20  1:19  Probe (Chrono Boost)  
  21  1:29  Cybernetics Core  
  21  1:30  Probe  
  24  1:43  Probe  
  25  1:56  Probe  
  24  2:05  Stargate  
  24  2:18  Nexus  
  24  2:22  Stalker  
  24  2:26  Probe  
  27  2:33  Shield Battery  
  27  2:40  Pylon  
  27  2:46  Oracle (Chrono Boost)  
  31  2:58  Probe  
  31  3:02  Pylon  
  31  3:10  Probe  
  32  3:13  Oracle (Chrono Boost)  
  35  3:24  Probe (Chrono Boost)  
  36  3:31  Probe (Chrono Boost)  
  37  3:40  Probe x2 (Chrono Boost)  
  37  3:41  Twilight Council  
  39  3:45  Probe (Chrono Boost)  
  39  3:47  Warp Gate, Probe  
  41  3:52  Gateway  
  41  3:57  Probe  
  41  3:59  Probe  
  43  4:09  Probe  
  44  4:11  Probe  
  44  4:15  Blink (Chrono Boost)  
  45  4:21  Probe  
  45  4:23  Probe  
  47  4:30  Dark Shrine, Gateway x2  
  47  4:33  Probe  
  47  4:35  Pylon, Probe  
  49  4:41  Assimilator  
  50  4:45  Probe  
  50  4:46  Stalker  
  50  4:47  Probe  
  50  4:48  Stalker  
  55  4:56  Gateway  
  55  4:57  Probe  
  55  4:59  Probe  
  57  5:09  Probe  
  57  5:11  Probe  
  59  5:15  Nexus  
  59  5:18  Pylon  
  59  5:30  Probe x2  
  61  5:36  Zealot  
  61  5:42  Dark Templar x3  
  69  5:46  Probe  
  69  5:47  Pylon  
  69  5:49  Forge  
  70  5:51  Pylon  
Show
View Real Time Build Order
Export as new Build Order

ForJumy Protoss 

Build Orders: Oracle Opening, Blink Stalkers 

Get SALT Encoding   

  12  0:00  Probe  
  13  0:13  Probe  
  14  0:17  Pylon  
  14  0:25  Probe (Chrono Boost)  
  15  0:35  Gateway  
  15  0:38  Probe (Chrono Boost)  
  16  0:46  Probe (Chrono Boost)  
  16  0:47  Assimilator  
  17  0:52  Probe  
  18  0:59  Assimilator  
  18  1:04  Probe  
  19  1:13  Gateway  
  19  1:16  Probe (Chrono Boost)  
  20  1:23  Cybernetics Core  
  20  1:27  Probe (Chrono Boost)  
  21  1:35  Pylon  
  21  1:37  Probe  
  21  1:49  Probe  
  22  1:58  Warp Gate (Chrono Boost)  
  22  2:00  Adept x2  
  26  2:03  Probe  
  27  2:15  Probe  
  27  2:16  Pylon  
  28  2:28  Probe  
  29  2:30  Sentry  
  31  2:48  Nexus  
  31  2:56  Stalker  
  33  3:03  Oracle  
  33  3:05  Probe  
  33  3:06  Shield Battery  
  33  3:14  Pylon  
  33  3:22  Twilight Council  
  32  3:27  Probe  
  30  3:38  Stalker  
  30  3:39  Sentry  
  30  3:40  Probe  
  35  3:52  Blink (Chrono Boost)  
  35  3:54  Probe (Chrono Boost)  
  36  4:01  Probe (Chrono Boost)  
  39  4:10  Probe x2 (Chrono Boost)  
  39  4:12  Stalker  
  35  4:23  Probe  
  33  4:31  Stalker  
  33  4:33  Probe  
  36  4:43  Stalker  
  36  4:45  Probe  
  39  4:46  Probe  
  40  4:56  Gateway  
  40  5:01  Pylon  
  40  5:09  Stalker  
  40  5:10  Probe x2  
  44  5:19  Gateway  
  44  5:25  Stalker  
  46  5:33  Probe  
  47  5:36  Probe  
  47  5:40  Stalker  
  50  5:45  Probe  
  51  5:51  Stalker x2  

Tags
 
Add a new tag
Caveats
  • Supply blocks, unpowered buildings, or Contaminate may cause inaccurate times.
  • Supply counts are checked every 10 seconds.